 Dungeon Crawl Stone Soup version 0.30.2 (webtiles) character file.

Game seed: 18186513977633737181

144 porpoise the Shooter (level 5, 0/41 HPs)
             Began as a Human Hunter on Mar 7, 2024.
             Slain by an orc
             ... wielding a +0 trident
              (4 damage)
             ... on level 3 of the Dungeon.
             The game lasted 00:04:40 (1792 turns).

porpoise the Shooter (Human Hunter)                 Turns: 1792, Time: 00:04:41

Health: 0/41       AC:  4    Str: 11    XL:     5   Next: 51%
Magic:  5/5        EV: 17    Int:  9    God:
Gold:   161        SH:  0    Dex: 19    Spells: 4/4 levels left

rFire   + . .        a - +0 shortbow
rCold   . . .        (shield currently unavailable)
rNeg    . . .        c - +0 leather armour
rPois   .            n - +0 helmet
rElec   .            (no cloak)
rCorr   .            (no gloves)
SInv    .            (no boots)
Will    .....        (no amulet)
Stlth   ++           e - +5 ring of evasion
HPRegen 0.26/turn    g - ring of protection from fire
MPRegen 0.09/turn

%: no passive effects
@: no status effects
A: no striking features
a: no special abilities


You were on level 3 of the Dungeon.
You visited 1 branch of the dungeon, and saw 3 of its levels.

You collected 161 gold pieces.

Inventory:

Hand Weapons
 a - a +0 shortbow (weapon)
Missiles
 d - 2 javelins
Armour
 c - a +0 leather armour (worn)
 n - a +0 helmet (worn)
Jewellery
 e - a +5 ring of evasion (left hand)
 g - a ring of protection from fire (right hand)
Scrolls
 b - 2 scrolls of immolation
 h - 2 scrolls of identify
 i - a scroll of magic mapping {unknown}
 j - a scroll of amnesia {unknown}
 m - a scroll of noise
 p - a scroll of fear {unknown}
Potions
 f - a potion of flight
 k - a potion of resistance
 l - 3 potions of curing
 o - 2 potions of degeneration {unknown}
 q - a potion of ambrosia {unknown}
 r - a potion of heal wounds {unknown}


   Skills:
 + Level 3.1 Fighting
 * Level 5.3 Ranged Weapons
 - Level 2.0 Dodging
 + Level 2.7 Stealth


You had 4 spell levels left.
You didn't know any spells.
Your spell library contained the following spells:

 Spells                   Type           Power      Damage    Failure   Level
 Sublimation of Blood     Necr           0%         N/A       63%         2
 Anguish                  Hex/Necr       0%         N/A       99%         4
 Cause Fear               Hex            0%         N/A       99%         4
 Petrify                  Tmut/Erth      0%         N/A       99%         4
 Irradiate                Conj/Tmut      0%         3d11      100%        5
 Enfeeble                 Hex            0%         N/A       100%        7


Dungeon Overview and Level Annotations

Branches:
Dungeon (3/15)

Altars:


Message History

Deactivating autopickup; reactivate with Ctrl-A.
The orc closely misses you.
You shoot an arrow.
You hear some strange, mumbled words.
A puff of flame appears from out of thin air!
The puff of flame hits you. You resist. The orc misses you.
You hear some strange, mumbled words.
A puff of flame appears from out of thin air!
The puff of flame misses you.
You shoot an arrow. Something barely misses you.
The orc hits you from afar with a +0 trident.
Something barely misses you.
You shoot an arrow. Something hits you but does no damage.
The orc closely misses you.
You shoot an arrow. Something hits you.
The orc hits you from afar with a +0 trident.
* * * LOW HITPOINT WARNING * * *
You shoot an arrow.
Reactivating autopickup.
You feel a bit more experienced. The orc barely misses you.
The orc closely misses you.
You shoot an arrow. The arrow hits the orc priest.
The orc priest is lightly wounded.
The orc priest hits you with a +0 hand axe.
* * * LOW HITPOINT WARNING * * *
The orc hits you but does no damage.
You shoot an arrow.
The arrow closely misses the orc priest.
The orc priest hits you with a +0 hand axe.
* * * LOW HITPOINT WARNING * * *
The orc completely misses you.
You shoot an arrow. The arrow barely misses the orc priest.
The orc priest closely misses you. The orc misses you.
The kobold closely misses you. The orc misses you.
The orc priest hits you but does no damage.
You shoot an arrow. The arrow hits the orc priest!
The orc priest is heavily wounded.
The orc priest misses you.
The orc hits you from afar with a +0 trident.
You die...

...#. ......###
........# ..# .........
#..# ........# #..#
?..)....# #..#
...!.K#o###..# ..
#o..##..# ...##@..##..#
#### ##.........# #..#
............# ##.#
#.##........## ♣.♣ ..
##..>..#.# ##♣♣.♣♣###
#.....#..#
.........######.###.#.#
.#♣♣.♣♣#.........#.##.#
.# ♣.♣ #.#####..#.###.#


You could see an orc priest, an orc and a kobold.

Vanquished Creatures
  Jessica (D:2)
  An orc wizard (D:3)
  Robin (D:2)
  2 adders (D:2)
  3 dart slugs
  An orc (D:3)
  4 endoplasms
  4 giant cockroaches
  8 goblins (D:2)
  10 hobgoblins
  3 quokkas
  4 ball pythons
  3 bats (D:2)
  A frilled lizard (D:1)
  6 kobolds
  2 rats
54 creatures vanquished.

Notes
Turn   | Place    | Note
-------+----------+-------------------------------------------
     0 | D:1      | porpoise the Human Hunter began the quest for the Orb.
     0 | D:1      | Reached XP level 1. HP: 16/16 MP: 1/1
   316 | D:1      | Reached XP level 2. HP: 22/22 MP: 2/2
   421 | D:1      | Reached XP level 3. HP: 28/28 MP: 3/3
  1055 | D:2      | Noticed Robin
  1065 | D:2      | Killed Robin
  1066 | D:2      | Reached XP level 4. HP: 30/34 MP: 4/4
  1142 | D:2      | Found a faded altar of an unknown god.
  1297 | D:2      | Reached skill level 5 in Ranged Weapons
  1349 | D:2      | Noticed Jessica
  1366 | D:2      | Killed Jessica
  1367 | D:2      | Reached XP level 5. HP: 13/40 MP: 5/5
  1792 | D:3      | Slain by an orc

Illustrated notes

Levels and vault maps discovered:
D:1:      roderic_dead_forest, layout_basic
D:2:      layout_basic, dilly_ecumenical_altar_fadedgnrine,
          minmay_misc_feat_pillars, uniq_jessica, uniq_robin
D:3:      layout_loops_ring, lemuel_zombie_altar_yredelemnul,
          minmay_tree_intersection, minivault_11

Skill      XL: |  1  2  3  4  5 |
---------------+----------------+-----
Stealth        | 2 |  2.7
Ranged Weapons | 5 |  5.3
Fighting       | 3 |  3.1
Dodging        | |  2.0

Action                     |  1- 3 |  4- 6 || total
---------------------------+-------+-------++-------
   Fire: Shortbow          |    90 |    68 ||   158
    Use: Scroll            |     3 |     1 ||     4
 Armour: Leather armour    |     7 |     6 ||    13
  Dodge: Dodged            |    28 |    44 ||    72
